Map: Кровавое диско РВ

Players

DeusVult - Winner!

  • Race: Protoss Protoss
  • League: Master
  • Spawn Location: 9:00

LuIsBoR

  • Race: Protoss Protoss
  • League: Master
  • Spawn Location: 3:00

VOD

Have the link to the VOD?

Description

Time

  • Played on: Nov. 26, 2019, 1:15 p.m.
  • Length: 9:01
Show
View Real Time Build Order
Export as new Build Order

DeusVult Protoss - Winner!

Build Orders: Archon Immortal 

Get SALT Encoding   

  12  0:01  Probe  
  13  0:13  Probe  
  14  0:17  Pylon  
  14  0:25  Probe  
  15  0:36  Gateway  
  15  0:38  Probe (Chrono Boost)  
  16  0:43  Assimilator  
  16  0:49  Probe (Chrono Boost)  
  17  0:53  Probe (Chrono Boost)  
  18  0:57  Assimilator  
  18  1:04  Probe (Chrono Boost)  
  19  1:12  Gateway  
  19  1:16  Probe (Chrono Boost)  
  20  1:25  Cybernetics Core, Probe (Chrono Boost)  
  21  1:31  Probe  
  22  1:35  Pylon  
  22  1:43  Probe  
  23  2:01  Warp Gate, Stalker x2  
  25  2:04  Probe  
  28  2:24  Robotics Facility  
  28  2:29  Shield Battery  
  28  2:31  Stalker  
  30  2:52  Pylon  
  30  2:57  Nexus  
  30  3:12  Stalker x2 (Chrono Boost)  
  34  3:43  Pylon  
  34  3:45  Observer  
  35  3:50  Stalker x2  
  39  4:01  Probe (Chrono Boost)  
  40  4:04  Pylon  
  40  4:06  Immortal  
  44  4:14  Probe (Chrono Boost)  
  44  4:16  Probe (Chrono Boost)  
  46  4:21  Probe (Chrono Boost)  
  44  4:24  Probe (Chrono Boost)  
  44  4:28  Probe  
  45  4:33  Stalker  
  45  4:35  Probe (Chrono Boost)  
  50  4:45  Probe (Chrono Boost)  
  50  4:47  Probe (Chrono Boost)  
  50  4:48  Sentry  
  50  4:52  Probe (Chrono Boost), Immortal  
  57  4:54  Probe (Chrono Boost)  
  57  4:59  Stalker  
  60  5:01  Probe  
  60  5:04  Probe  
  60  5:06  Pylon  
  62  5:12  Twilight Council  
  62  5:21  Forge  
  62  5:22  Probe x2 (Chrono Boost)  
  62  5:24  Assimilator  
  63  5:33  Probe x2 (Chrono Boost)  
  63  5:34  Assimilator  
  65  5:37  Probe x2 (Chrono Boost)  
  67  5:46  Warp Prism  
  67  5:48  Probe x2  
  67  5:49  Charge  
  71  5:50  Protoss Ground Weapons Level 1 (Chrono Boost)  
  71  5:53  Pylon  
  71  5:59  Templar Archives  
  71  6:05  Stalker  
  73  6:14  Gateway  
  73  6:15  Gateway  
  73  6:24  Immortal  
  77  6:31  Stalker x2  
  81  6:41  Gateway  
  81  6:44  Gateway  
  81  6:49  Gateway  
  81  6:55  Gateway  
  81  7:12  High Templar x2  
  85  7:16  Pylon  
  85  7:18  Pylon  
  85  7:19  Pylon  
  85  7:21  Pylon  
  85  7:23  Pylon  
  85  7:35  Immortal  
  85  7:36  High Templar x2  
  93  7:37  Zealot  
  93  7:38  Archon  
  93  7:40  Zealot  
  93  7:42  Archon  
  97  7:47  Zealot x2  
  97  7:48  Zealot  
  97  7:51  Pylon  
  103  8:08  High Templar x2  
  103  8:09  Zealot x6  
  119  8:13  Archon  
  119  8:30  Zealot  
  119  8:31  Zealot x5  
  115  8:44  Zealot x2  
  103  8:58  Zealot x6  
Show
View Real Time Build Order
Export as new Build Order

LuIsBoR Protoss 

Build Orders: Oracle Opening 

Get SALT Encoding   

  12  0:00  Probe  
  13  0:13  Probe  
  14  0:17  Pylon  
  14  0:25  Probe (Chrono Boost)  
  15  0:37  Probe (Chrono Boost)  
  15  0:39  Gateway  
  16  0:45  Probe (Chrono Boost)  
  16  0:47  Assimilator  
  17  0:51  Probe  
  17  0:56  Assimilator  
  18  1:04  Probe (Chrono Boost)  
  19  1:13  Probe (Chrono Boost), Gateway  
  20  1:19  Probe  
  21  1:28  Cybernetics Core  
  21  1:31  Probe  
  22  1:42  Pylon  
  22  1:43  Probe  
  23  2:00  Probe  
  24  2:04  Stargate  
  24  2:06  Stalker  
  26  2:11  Stalker  
  28  2:20  Pylon  
  28  2:21  Warp Gate (Chrono Boost)  
  27  2:45  Oracle (Chrono Boost)  
  30  2:58  Nexus  
  30  3:06  Stalker  
  32  3:33  Probe  
  33  3:36  Twilight Council  
  33  3:43  Pylon  
  33  3:50  Pylon  
  33  4:02  Probe (Chrono Boost)  
  34  4:06  Stalker x2  
  38  4:10  Probe (Chrono Boost)  
  40  4:19  Probe (Chrono Boost)  
  40  4:20  Probe (Chrono Boost)  
  39  4:25  Probe  
  39  4:27  Probe  
  41  4:32  Blink (Chrono Boost)  
  41  4:36  Robotics Facility  
  41  4:37  Probe (Chrono Boost)  
  42  4:40  Probe (Chrono Boost)  
  43  4:49  Probe (Chrono Boost)  
  45  4:57  Probe (Chrono Boost)  
  45  4:58  Probe (Chrono Boost)  
  46  5:02  Gateway  
  46  5:03  Probe, Gateway  
  46  5:04  Probe  
  48  5:10  Forge  
  48  5:16  Probe x2  
  48  5:19  Stalker  
  52  5:28  Probe  
  53  5:29  Probe  
  54  5:40  Assimilator, Probe  
  54  5:41  Probe  
  56  5:43  Assimilator, Stalker  
  56  5:45  Stalker  
  56  5:46  Pylon  
  60  5:52  Probe  
  60  5:54  Probe  
  62  5:57  Pylon  
  62  6:00  Pylon  
  62  6:06  Stalker x2  
  66  6:12  Probe  
  67  6:19  Nexus  
  67  6:23  Protoss Ground Weapons Level 1  
  68  6:26  Observer  
  68  6:42  Probe x2  
  70  6:47  Templar Archives  
  70  6:50  Gateway  
  70  6:53  Gateway  
  70  6:54  Probe, Charge (Chrono Boost)  
  70  6:55  Gateway  
  70  6:56  Gateway  
  69  7:03  Stalker x2  
  70  7:14  Probe  
  70  7:15  Probe  
  67  7:27  Probe x2  
  69  7:31  Probe  
  69  7:34  Pylon  
  70  7:39  Probe  
  71  7:44  Probe  
  71  7:47  Zealot x3  
  71  7:48  Pylon  
  78  7:58  Gateway  
  78  7:59  Gateway  
  78  8:02  High Templar  
  78  8:03  High Templar x2  
  78  8:04  Zealot x2  
  88  8:11  Archon  
  86  8:12  High Templar  
  86  8:13  Zealot x2  
  92  8:21  Archon  
  92  8:28  Zealot x2  
  92  8:31  Zealot x2  
  94  8:36  Zealot  
  94  8:37  Zealot x2  
  77  8:46  Zealot x2  
  77  8:47  Zealot  
  58  8:53  Zealot x2  
Tags
 
Add a new tag
Caveats
  • Supply blocks, unpowered buildings, or Contaminate may cause inaccurate times.
  • Supply counts are checked every 10 seconds.